 Dungeon Crawl Stone Soup version 0.30.1-4-g462c640d31 (webtiles) character file.

Game seed: 2872847166668590492

205 jtron the Jinx (level 5, -3/41 HPs)
             Began as a Gnoll Wanderer on Aug 11, 2023.
             Slain by a gnoll
             ... wielding a +0 flail of protection
              (6 damage)
             ... on level 4 of the Dungeon.
             The game lasted 00:06:33 (2746 turns).

jtron the Jinx (Gnoll Wanderer)                     Turns: 2746, Time: 00:06:34

Health: -3/41      AC:  9    Str: 16    XL:     5   Next: 83%
Magic:  12/12      EV: 11    Int: 10    God:
Gold:   136        SH:  0    Dex: 10    Spells: 13/14 levels left

rFire   . . .        a - +1 whip (elec)
rCold   . . .        (no shield)
rNeg    . . .        b - +3 ring mail
rPois   .            (no helmet)
rElec   .            (no cloak)
rCorr   .            (no gloves)
SInv    .            (no boots)
Will    .....        (no amulet)
Stlth   +            k - ring of wizardry
HPRegen 0.26/turn    (no ring)
MPRegen 0.13/turn

%: wizardry (x1)
@: about to teleport
A: fangs 1, strong nose, distributed training
a: no special abilities


You were on level 4 of the Dungeon.
You visited 1 branch of the dungeon, and saw 4 of its levels.

You collected 136 gold pieces.

Inventory:

Hand Weapons
 a - a +1 whip of electrocution (weapon)
 c - a +0 club
 f - a +0 vampiric spear
Armour
 b - a +3 ring mail (worn)
Magical Staves
 h - a staff of death
Jewellery
 k - a ring of wizardry (left hand)
 m - a ring of poison resistance
Wands
 e - a wand of iceblast (5)
Scrolls
 j - 3 scrolls of teleportation
 l - 2 scrolls of amnesia
Potions
 d - 2 potions of attraction
 g - a potion of lignification {unknown}
 i - 2 potions of resistance
 n - a potion of haste {unknown}
 p - a potion of magic
 q - a potion of invisibility {unknown}


   Skills:
 + Level 3.1 Fighting
 + Level 1.7 Short Blades
 + Level 1.7 Long Blades
 + Level 1.7 Axes
 + Level 1.7 Maces & Flails
 + Level 1.7 Polearms
 + Level 1.7 Staves
 + Level 1.7 Ranged Weapons
 + Level 1.7 Throwing
 + Level 4.9 Armour
 + Level 1.7 Dodging
 + Level 1.7 Stealth
 + Level 1.7 Shields
 + Level 1.7 Unarmed Combat
 + Level 5.3 Spellcasting
 + Level 1.3 Conjurations
 + Level 8.9 Hexes
 + Level 1.3 Summonings
 + Level 1.3 Necromancy
 + Level 1.3 Translocations
 + Level 1.3 Transmutations
 + Level 1.3 Fire Magic
 + Level 1.3 Ice Magic
 + Level 1.3 Air Magic
 + Level 1.3 Earth Magic
 + Level 1.3 Poison Magic
 + Level 2.0 Invocations
 + Level 1.7 Evocations


You had 13 spell levels left.
You knew the following spells:

 Your Spells              Type           Power      Damage    Failure   Level
a - Slow                  Hex            80%        N/A       1%          1

Your spell library contained the following spells:

 Spells                   Type           Power      Damage    Failure   Level
 Dazzling Flash           Conj/Hex       24%        N/A       6%          3
 Anguish                  Hex/Necr       6%         N/A       19%         4


Dungeon Overview and Level Annotations

Branches:
Dungeon (4/15)
 Temple: D:4-7

Altars:


Innate Abilities, Weirdness & Mutations

You have very sharp teeth.
Your uncanny sense of smell can sniff out nearby items.
Your experience applies equally to all skills.


Message History

You hit the orc but do no damage.
The orc is heavily wounded.
The gnoll closely misses you. The orc hits you but does no damage.
The orc closely misses you.
You hit the orc.
The orc is severely wounded.
The orc hits you but does no damage. The orc barely misses you.
An endoplasm comes into view.
You closely miss the orc.
The endoplasm quivers.
Your bite misses the orc.
The orc is heavily wounded.
The gnoll hits you with a +0 flail of protection.
The orc hits you with a +0 war axe. The orc closely misses you.
You barely miss the orc.
The orc is heavily wounded.
The gnoll hits you but does no damage. x2; The orc hits you with a +0 war axe.
An endoplasm comes into view.
The orc barely misses you.
The howler monkey hoots and howls with incredible vigour!
You hear a shout! x4
The orc attacks as you move away! The orc hits you with a +0 war axe.
* * * LOW HITPOINT WARNING * * *
The orc attacks as you move away! The orc hits you but does no damage.
The orc attacks as you move away! The orc closely misses you.
The gnoll attacks as you move away! The gnoll barely misses you.
The orc attacks as you move away! The orc barely misses you.
The gnoll attacks as you move away!
The gnoll hits you with a +0 flail of protection.
* * * LOW HITPOINT WARNING * * *
The gnoll attacks as you move away! The gnoll barely misses you.
As you read the scroll of teleportation, it crumbles to dust.
You feel strangely unstable.
The gnoll hits you with a +0 flail of protection.
* * * LOW HITPOINT WARNING * * *
The orc hits you but does no damage. The orc attacks as you move away!
The orc closely misses you. The gnoll attacks as you move away!
The gnoll hits you with a +0 flail of protection.
You die...

#..............).....J
...
#.............).......
...
#............##.......
... ########....##
....... ... ##.J.#
....... ... ##h.#
#...... ... #oo#
...... ##g## ......
###@.# ###.##
######....#
..........##
..######...## #....##
##.....# ##..##..#
##..####.# ##.### #.#


You could see a howler monkey, a gnoll, 2 orcs and an endoplasm.

Vanquished Creatures
  A hound (D:4)
  Ijyb (D:3)
  3 gnolls
  4 adders
  3 dart slugs
  3 orcs
  8 ball pythons
  4 bats
  8 endoplasms
  5 giant cockroaches
  2 goblins
  5 hobgoblins
  7 jackals
  3 quokkas (D:1)
  6 frilled lizards
  5 kobolds
  9 rats
77 creatures vanquished.

Notes
Turn   | Place    | Note
-------+----------+-------------------------------------------
     0 | D:1      | jtron the Gnoll Wanderer began the quest for the Orb.
     0 | D:1      | jtron set off with the following items: a +0 club, a +0
                  | ring mail, a potion of berserk rage, a potion of
                  | attraction; and the following spell memorised: Slow; and
                  | the following spells available to memorise: Dazzling Flash,
                  | Anguish.
     0 | D:1      | Reached XP level 1. HP: 17/17 MP: 6/6
   145 | D:1      | Reached XP level 2. HP: 14/23 MP: 7/7
   278 | D:1      | Reached skill level 5 in Spellcasting
   278 | D:1      | Reached XP level 3. HP: 17/28 MP: 7/9
   374 | D:1      | Reached skill level 1 in Invocations
   560 | D:1      | Reached skill level 1 in Short Blades
   560 | D:1      | Reached skill level 1 in Long Blades
   560 | D:1      | Reached skill level 1 in Axes
   560 | D:1      | Reached skill level 1 in Maces & Flails
   560 | D:1      | Reached skill level 1 in Polearms
   560 | D:1      | Reached skill level 1 in Staves
   560 | D:1      | Reached skill level 1 in Ranged Weapons
   560 | D:1      | Reached skill level 1 in Throwing
   560 | D:1      | Reached skill level 1 in Dodging
   560 | D:1      | Reached skill level 1 in Stealth
   560 | D:1      | Reached skill level 1 in Shields
   560 | D:1      | Reached skill level 1 in Unarmed Combat
   560 | D:1      | Reached skill level 1 in Evocations
   673 | D:1      | Found a faded altar of an unknown god.
  1049 | D:2      | Reached XP level 4. HP: 34/34 MP: 11/11
  1452 | D:2      | Reached skill level 1 in Conjurations
  1452 | D:2      | Reached skill level 1 in Summonings
  1452 | D:2      | Reached skill level 1 in Necromancy
  1452 | D:2      | Reached skill level 1 in Translocations
  1452 | D:2      | Reached skill level 1 in Transmutations
  1452 | D:2      | Reached skill level 1 in Fire Magic
  1452 | D:2      | Reached skill level 1 in Ice Magic
  1452 | D:2      | Reached skill level 1 in Air Magic
  1452 | D:2      | Reached skill level 1 in Earth Magic
  1452 | D:2      | Reached skill level 1 in Poison Magic
  1796 | D:3      | Noticed Ijyb
  1813 | D:3      | Killed Ijyb
  1902 | D:3      | Reached XP level 5. HP: 37/40 MP: 12/12
  2746 | D:4      | Slain by a gnoll

Illustrated notes

Levels and vault maps discovered:
D:1:      tarquinn_simple_flora_water_f, layout_basic,
          chequers_ecumenical_altar_grove, st_stairs_12
D:2:      layout_basic
D:3:      layout_loops_ring, dreamdust_princess_corridor, uniq_ijyb
D:4:      layout_layer_cave, minivault_4

Skill      XL: |  1  2  3  4  5 |
---------------+----------------+-----
Spellcasting   | 5 |  5.3
Invocations    | 1 2 |  2.0
Short Blades   | 1 |  1.7
Long Blades    | 1 |  1.7
Axes           | 1 |  1.7
Maces & Flails | 1 |  1.7
Polearms       | 1 |  1.7
Staves         | 1 |  1.7
Ranged Weapons | 1 |  1.7
Throwing       | 1 |  1.7
Dodging        | 1 |  1.7
Stealth        | 1 |  1.7
Shields        | 1 |  1.7
Unarmed Combat | 1 |  1.7
Evocations     | 1 |  1.7
Conjurations   | 1 |  1.3
Summonings     | 1 |  1.3
Necromancy     | 1 |  1.3
Translocations | 1 |  1.3
Transmutations | 1 |  1.3
Fire Magic     | 1 |  1.3
Ice Magic      | 1 |  1.3
Air Magic      | 1 |  1.3
Earth Magic    | 1 |  1.3
Poison Magic   | 1 |  1.3
Fighting       | 3 |  3.1
Armour         | |  4.9
Hexes          | |  8.9

Action                     |  1- 3 |  4- 6 || total
---------------------------+-------+-------++-------
  Melee: Club              |    50 |       ||    50
         Bite              |    13 |    13 ||    26
         Whip              |    46 |   162 ||   208
         Spear             |    37 |       ||    37
         Punch             |     2 |     1 ||     3
   Cast: Slow              |     1 |       ||     1
    Use: Potion            |     1 |       ||     1
         Scroll            |       |    11 ||    11
   Stab: Sleeping          |       |     1 ||     1
 Armour: Ring mail         |    46 |    78 ||   124
  Dodge: Dodged            |    83 |    88 ||   171
